 Dungeon Crawl Stone Soup version 0.30-b1-2-g02819fbbbe (webtiles) character file.

Game seed: 2573520374427047554

28 sanka the Cutter (level 2, -4/16 HPs)
             Began as a Spriggan Cinder Acolyte on May 20, 2023.
             Was a High Priest of Ignis.
             Slain by a gnoll
             ... wielding a +0 spear
              (9 damage)
             ... on level 1 of the Dungeon.
             The game lasted 00:02:05 (767 turns).

sanka the Cutter (Spriggan Cinder Acolyte)           Turns: 767, Time: 00:02:06

Health: -4/16      AC:  2    Str: 10    XL:     2   Next: 96%
Magic:  2/6        EV: 15    Int: 15    God:    Ignis [*****.]
Gold:   55         SH:  0    Dex: 10    Spells: 3/5 levels left

rFire   + + .        a - -1 short sword (flame)
rCold   . . .        (no shield)
rNeg    . . .        b - +0 robe
rPois   .            (helmet restricted)
rElec   .            (no cloak)
rCorr   .            (gloves unavailable)
SInv    +            (boots unavailable)
Will    .....        (no amulet)
Stlth   +            j - ring of protection from fire
HPRegen 0.22/turn    (no ring)
MPRegen 0.10/turn

%: no passive effects
@: very quick
A: very small, no large weapons, unfitting armour, see invisible, speed 3
a: Renounce Religion, Fiery Armour, Foxfire Swarm, Rising Flame


You were on level 1 of the Dungeon.
You worshipped Ignis.
Ignis was extremely pleased with you.
You visited 1 branch of the dungeon, and saw 1 of its levels.

You collected 55 gold pieces.

Inventory:

Hand Weapons
 a - a -1 short sword of flaming (weapon)
Armour
 b - a +0 robe (worn)
Jewellery
 j - a ring of protection from fire (left hand)
Scrolls
 c - 4 scrolls of identify {unknown}
 d - a scroll of blinking {unknown}
 f - a scroll of fog {unknown}
 h - a scroll of fear {unknown}
 i - a scroll of teleportation {unknown}
Potions
 e - a potion of degeneration {unknown}
 g - a potion of brilliance {unknown}


   Skills:
 - Level 2.5 Fighting
 - Level 3.4 Short Blades
 - Level 2.0 Spellcasting
 + Level 3.0 Fire Magic


You had 3 spell levels left.
You knew the following spells:

 Your Spells              Type           Power      Damage    Failure   Level
a - Scorch                Fire           20%        2d6       10%         2

Your spell library contained the following spells:

 Spells                   Type           Power      Damage    Failure   Level
 Ozocubu's Armour         Ice            1%         N/A       54%         3
 Metabolic Englaciation   Hex/Ice        0%         N/A       99%         5
 Simulacrum               Ice/Necr       0%         N/A       100%        6


Dungeon Overview and Level Annotations

Branches:
Dungeon (1/15)

Altars:


Innate Abilities, Weirdness & Mutations

You are very small and have problems with some larger weapons.
You are too small for most types of armour.
You have supernaturally acute eyesight. (SInv)
You cover ground extremely quickly. (Speed+++)


Message History

No target in view!
A bat is nearby!
You hit the bat but do no damage.
The bat is heavily wounded.
The bat closely misses you.
No target in view!
No target in view!
A bat is nearby!
A bat is nearby!
You hit the bat. You burn the bat.
You kill the bat!
No target in view!
No target in view!
You now have 55 gold pieces (gained 14).
You see here a rat corpse.
A gnoll comes into view. It is wielding a +0 spear.
Found a stone staircase leading down.
The gnoll shouts!
A gnoll is nearby!
Flames lash the gnoll.
The gnoll is moderately wounded.
The gnoll's fire resistance burns away.
You miscast Scorch.
You are very lightly contaminated with residual magic.
Nothing appears to happen.
The gnoll is no longer more vulnerable to fire.
Flames lash the gnoll.
The gnoll is heavily wounded.
The gnoll's fire resistance burns away.
You are out of magic!
Your magical contamination has completely faded away.
The gnoll hits you from afar with a +0 spear.
The gnoll hits you with a +0 spear.
You barely miss the gnoll.
The gnoll is heavily wounded.
You hit the gnoll. You burn the gnoll.
The gnoll is severely wounded.
The gnoll hits you with a +0 spear!
Ouch! That really hurt!
You die...

##...## ##≈~≈≈≈≈≈≈~
##.## ###~≈≈~≈≈≈ #.#
#...~~~~ #.# #.......
#.######## #.......
#.##.....# #.......
#.##.##### #..)....
#.##.# #....... #.##@#
#....... #.##g#
#>...... #.##.# ###
######## #.##.# #.#
######## ###### #.##.#
#.# #.##.... .....#
#.##.###.#####.##..##
####.##
#............#.##..##
##...##
####.###.###........#
##.#.#.########...##.#
##..##..##


You could see a gnoll.

Vanquished Creatures
  3 ball pythons (D:1)
  A bat (D:1)
  An endoplasm (D:1)
  3 goblins (D:1)
  2 hobgoblins (D:1)
  4 jackals (D:1)
  2 kobolds (D:1)
  A quokka (D:1)
  A frilled lizard (D:1)
  7 rats (D:1)
25 creatures vanquished.

Notes
Turn   | Place    | Note
-------+----------+-------------------------------------------
     0 | D:1      | sanka the Spriggan Cinder Acolyte began the quest for the
                  | Orb.
     0 | D:1      | Reached XP level 1. HP: 11/11 MP: 3/3
   168 | D:1      | Reached XP level 2. HP: 15/16 MP: 5/5
   206 | D:1      | Learned a level 2 spell: Scorch
   767 | D:1      | Slain by a gnoll

Illustrated notes

Levels and vault maps discovered:
D:1:      lemuel_arrival_river_ford, layout_loops_ring

Skill      XL: |  1  2 |
---------------+-------+-----
Spellcasting   | 2 |  2.0
Fire Magic     | 3 |  3.0
Fighting       | |  2.5
Short Blades   | |  3.4

Action                     || total
---------------------------++-------
  Melee: Short sword       ||    95
         Punch             ||     1
   Cast: Scorch            ||     2
   Stab: Sleeping          ||     1
 Armour: Robe              ||    11
  Dodge: Dodged            ||    55
